 Dungeon Crawl Stone Soup version 0.31.0-11-ge490571c62 (webtiles) character file.

Game seed: 6664578578963944547

161 qw the Skirmisher (level 5, -2/29 HPs)
             Began as a Deep Elf Hunter on Feb 5, 2024.
             Slain by a steam dragon (4 damage)
             ... on level 3 of the Dungeon.
             The game lasted 00:00:42 (1916 turns).

qw the Skirmisher (Deep Elf Hunter)                 Turns: 1916, Time: 00:00:43

Health: -2/29      AC:  5    Str: 10    XL:     5   Next: 19%
Magic:  7/7        EV: 11    Int: 20    God:
Gold:   159        SH:  0    Dex: 18    Spells: 4/4 levels left

rFire   . . .        d - +0 orcbow
rCold   + . .        (shield currently unavailable)
rNeg    . . .        i - +0 ring mail
rPois   .            (no helmet)
rElec   +            (no cloak)
rCorr   +            (no gloves)
SInv    .            (no boots)
Will    +....        (no amulet)
Stlth   +            h - +4 ring of slaying {mikee}
HPRegen 0.24/turn    b - ring "Veaz Lywn" {rElec rC+ Will+ rCorr Int+6}
MPRegen 0.10/turn

%: no passive effects
@: about to teleport
A: no striking features
a: no special abilities


You were on level 3 of the Dungeon.
You visited 1 branch of the dungeon, and saw 3 of its levels.

You collected 159 gold pieces.


   Skills:
 - Level 1.5 Fighting
 + Level 8.6 Ranged Weapons
 - Level 2.4 Dodging
 - Level 1.2 Stealth


You had 4 spell levels left.
You didn't know any spells.
Your spell library was empty.

Inventory:

Hand Weapons
 d - a +0 orcbow (weapon)
Armour
 i - a +0 ring mail (worn)
Jewellery
 b - the ring "Veaz Lywn" (right hand) {rElec rC+ Will+ rCorr Int+6}
   (You found it on level 2 of the Dungeon)

   [ring of intelligence]

   Int+6:     It affects your intelligence (+6).
   rC+:       It protects you from cold.
   rElec:     It insulates you from electricity.
   Will+:     It increases your willpower.
   rCorr:     It protects you from acid and corrosion.
 h - a +4 ring of slaying (left hand) {mikee}
Scrolls
 c - a scroll of identify
 e - 2 scrolls of teleportation
 f - a scroll of fog {unknown}
Potions
 a - a potion of resistance {unknown}

Dungeon Overview and Level Annotations

Branches:
Dungeon (3/15)

Altars:
Qazlal

Shops:
D:2 (


Message History

You kill the hobgoblin!
A bat comes into view.
The kobold throws a stone.
The stone barely misses you.
You shoot an arrow. The arrow hits the bat.
The bat is heavily wounded.
The bat hits you but does no damage. The bat closely misses you.
The kobold throws a stone.
The stone hits you.
You shoot an arrow. The arrow hits the bat!
You kill the bat!
A hobgoblin comes into view.
The kobold throws a stone.
The stone closely misses you.
You shoot an arrow. The arrow hits the kobold!
You kill the kobold!
You shoot an arrow. The arrow barely misses the hobgoblin.
You shoot an arrow. The arrow hits the hobgoblin.
The hobgoblin is almost dead.
You shoot an arrow. The arrow barely misses the hobgoblin.
You shoot an arrow. The arrow hits the hobgoblin!
You kill the hobgoblin!
A steam dragon comes into view.
You shoot an arrow. The steam dragon hisses angrily.
The arrow hits the steam dragon!
The steam dragon is moderately wounded.
The steam dragon breathes steam at you. The ball of steam hits you!!
Ouch! That really hurt!
1912 ||| Stepping ~*~*~tactically~*~*~ (cloud).
You start resting.
A steam dragon is nearby!
You shoot an arrow. The arrow hits the steam dragon!
The steam dragon is heavily wounded.
You shoot an arrow.
The arrow barely misses the steam dragon.
The steam dragon bites you. The steam dragon closely misses you.
1916 ||| READING 3 scrolls of teleportation.
As you read the scroll of teleportation, it crumbles to dust.
You feel strangely unstable. The steam dragon bites you.
The steam dragon claws you.
You die...

### ####.#########
#............#
######.##.#.#####.####.#
................@ยค.%...#
.#####.##.#.#####D##...#
.# #.##.#.# #.# .#
.#####.##.#.# #.#
............. ...
.#####.##.#.# ...
.#####.# #.# .$)#
...>.#.# #. ..##. .###.#


You could see a steam dragon.

Vanquished Creatures
  An orc priest (D:3)
  An orc wizard (D:3)
  3 adders
  2 ribbon worms (D:3)
  5 orcs (D:3)
  5 bats
  5 endoplasms
  A giant cockroach (D:3)
  10 hobgoblins
  4 jackals (D:1)
  A quokka (D:1)
  6 ball pythons
  2 frilled lizards
  9 goblins
  4 kobolds
  6 rats
65 creatures vanquished.

Notes
Turn   | Place    | Note
-------+----------+-------------------------------------------
     0 | D:1      | qw the Deep Elf Hunter began the quest for the Orb.
     0 | D:1      | Reached XP level 1. HP: 12/12 MP: 3/3
     0 | D:1      | 0 ||| qw: Version: 0.3-a-160-g6735b56
     0 | D:1      | 0 ||| qw: Game counter: 6545
     0 | D:1      | 0 ||| qw: Melee chars always use a shield: true
     0 | D:1      | 0 ||| qw: God list: Okawaru
     0 | D:1      | 0 ||| qw: Allow faded altars: false
     0 | D:1      | 0 ||| qw: Do Orc after clearing Dungeon:15 true
     0 | D:1      | 0 ||| qw: Do second Lair branch before Depths: true
     0 | D:1      | 0 ||| qw: Lair rune preference: random
     0 | D:1      | 0 ||| qw: Goals: Normal
     0 | D:1      | 0 ||| PLANNING D:1-11
    58 | D:1      | Reached XP level 2. HP: 16/16 MP: 4/4
    89 | D:1      | Reached skill level 6 in Ranged Weapons
   523 | D:1      | Reached XP level 3. HP: 19/20 MP: 5/5
   526 | D:1      | Found a faded altar of an unknown god.
   526 | D:1      | Noticed a shining eye
   530 | D:1      | 530 ||| UPGRADING to +0 ring mail.
   543 | D:1      | 543 ||| DROPPING +0 leather armour.
   545 | D:1      | Noticed an eye of devastation
   588 | D:1      | Noticed a glass eye
   609 | D:1      | Noticed a great orb of eyes
   740 | D:1      | 740 ||| UPGRADING to +4 ring of slaying {mikee}.
   741 | D:1      | 741 ||| DROPPING ring of magical power.
   742 | D:1      | 742 ||| READING scroll labelled NOCWOT PIOZUOS.
   743 | D:1      | 743 ||| READING scroll labelled WIAN ECITATZEAQ.
   844 | D:1      | 844 ||| READING 3 scrolls labelled JOEDUX XAKLI.
   847 | D:1      | 847 ||| READING scroll labelled WYTSIG ESH.
   848 | D:1      | 848 ||| READING 2 scrolls labelled TUN UNUATOGH.
   848 | D:1      | 848 ||| IDENTIFYING glowing puce potion
   849 | D:1      | 849 ||| READING scroll of identify.
   849 | D:1      | 849 ||| IDENTIFYING glowing grey potion
   850 | D:1      | 850 ||| DROPPING scroll of butterflies.
   851 | D:1      | 851 ||| DROPPING potion of attraction.
   852 | D:1      | 852 ||| DROPPING potion of berserk rage.
   898 | D:2      | Identified the ring "Veaz Lywn" {rElec rC+ Will+ rCorr
                  | Int+6}
  1002 | D:2      | Reached skill level 7 in Ranged Weapons
  1025 | D:2      | Found Fygaogon's Weapon Shop.
  1048 | D:2      | 1048 ||| SWAPPING to +0 orcbow.
  1050 | D:2      | 1050 ||| DROPPING +0 shortbow.
  1389 | D:2      | Reached XP level 4. HP: 25/25 MP: 6/6
  1492 | D:2      | 1492 ||| UPGRADING to ring "Veaz Lywn" {rElec rC+ Will+
                  | rCorr Int+6}.
  1493 | D:2      | 1493 ||| READING 2 scrolls of identify.
  1493 | D:2      | 1493 ||| IDENTIFYING blue potion
  1494 | D:2      | 1494 ||| READING scroll of identify.
  1494 | D:2      | 1494 ||| IDENTIFYING fuming cyan potion
  1495 | D:2      | 1495 ||| DROPPING potion of brilliance.
  1496 | D:2      | 1496 ||| DROPPING potion of degeneration.
  1542 | D:3      | Reached skill level 8 in Ranged Weapons
  1695 | D:3      | Reached XP level 5. HP: 29/29 MP: 7/7
  1753 | D:3      | Found a stormy altar of Qazlal.
  1910 | D:3      | Noticed a steam dragon
  1912 | D:3      | 1912 ||| Stepping ~*~*~tactically~*~*~ (cloud).
  1915 | D:3      | HP: 5/29 [steam dragon (5)]
  1916 | D:3      | 1916 ||| READING 3 scrolls of teleportation.
  1916 | D:3      | HP: 2/29 [steam dragon (3)]
  1916 | D:3      | Slain by a steam dragon

Levels and vault maps discovered:
D:1:      dpeg_arrival_more_subterranean_lakeside_camping, layout_basic,
          hellmonk_ecumenical_altar_watching_god, kennysheep_decorative_pillar,
          dk_noncrumbling_2
D:2:      layout_basic, serial_shops, shop,
          nicolae_concentric_dashed_squares_mild, chequers_avenue,
          corner_web_ring
D:3:      layout_basic, nicolae_qazlal_general_emergency, serial_shops,
          nicolae_shop_tiny_real_fake_doors, minmay_vboxes, uniq_sigmund

Skill      XL: |  1  2  3  4 |
---------------+-------------+-----
Ranged Weapons | 6 7 8 |  8.6
Fighting       | |  1.5
Dodging        | |  2.4
Stealth        | |  1.2

Action                     |  1- 3 |  4- 6 || total
---------------------------+-------+-------++-------
   Fire: Shortbow          |    82 |       ||    82
         Orcbow            |     9 |    55 ||    64
    Use: Scroll            |     6 |     3 ||     9
 Armour: Leather armour    |     9 |       ||     9
         Skin              |     1 |       ||     1
         Ring mail         |       |     7 ||     7
  Dodge: Dodged            |    24 |     4 ||    28

Table legend:
 A = Non-vault XP
 B = Vault XP
 C = Vault XP percentage of total XP
 D = Non-vault monster count
 E = Vault monster count
 F = Vault count percentage of total count
                 A         B        C        D         E       F
            +---------+---------+-------+---------+---------+-------
      Total |     225 |       6 |   2.6 |      62 |       3 |   4.6
            +---------+---------+-------+---------+---------+-------
        D:1 |      48 |       0 |   0.0 |      29 |       0 |   0.0
        D:2 |      50 |       0 |   0.0 |      14 |       0 |   0.0
        D:3 |     127 |       6 |   4.5 |      19 |       3 |  13.6
            +---------+---------+-------+---------+---------+-------
